AoeStats
← Shmug

Arabia

509697404Analyzed
4v4 RM · 4d ago on Sep 27, 2026· 36m 14s· 8 players
Game mode
Random Map
Map size
Large (8 player)
Population
200
Speed
Normal
Resources
Standard
Victory
Conquest
Starting age
Dark Age
Ending age
Imperial Age
RankedLock teamsTeams togetherTeam positionsShared explorationLock speedFull tech treeHidden civsTurbo modeCheats
Victory
Defeat
🇩🇪 Wei · Germany
1223
+11
🇷🇴 Chinese · Romania
1187
+13
🇺🇸 Shu · United States
1161
+14
🇺🇸 Wu · United States
1149
+14
🇬🇧 Saxons · United Kingdom
1137
-15
🇨🇱 Khmer · Chile
1118
-13
🇬🇧 Romans · United Kingdom
1113
-13
🇬🇧 Mongols · United Kingdom
1075
-11
Shmug
6:13 Loom
10:29 Feudal Age
16:01 Castle Age
14:36 Double-Bit Axe
14:45 Horse Collar
18:00 Wheelbarrow
21:23 Scale Mail Armor
22:31 Squires
22:19 Arson
23:11 Bow Saw
27:52 Forging
27:58 Chain Mail Armor
30:36 Iron Casting
31:55 Fletching
35:56 Imperial Age
34:57 Hand Cart
34:28 Town Watch
35:56 Bodkin Arrow
35:58 Shield Wall
36:01 Elite Hearth Troop
EMPANADADEPICOQUESO
9:29 Feudal Age
7:58 Loom
12:36 Forging
12:32 Scale Barding Armor
13:49 Bloodlines
26:06 Castle Age
25:38 Gold Mining
28:04 Chain Barding Armor
30:28 Iron Casting
MiniColossus
6:33 Loom
8:50 Feudal Age
19:31 Castle Age
22:08 Fletching
22:18 Padded Archer Armor
22:53 Gold Mining
26:10 Ballistics
Danny
7:12 Loom
9:36 Feudal Age
10:32 Man-at-Arms
12:09 Scale Mail Armor
17:53 Padded Archer Armor
21:30 Castle Age
19:21 Double-Bit Axe
25:06 Gold Mining
25:42 Chain Mail Armor
25:24 Fletching
25:35 Padded Archer Armor
dingus
6:10 Loom
9:00 Feudal Age
9:49 Man-at-Arms
11:11 Double-Bit Axe
15:26 Fletching
22:06 Castle Age
20:22 Gold Mining
20:13 Horse Collar
21:24 Padded Archer Armor
22:53 Bodkin Arrow
23:14 Leather Archer Armor
22:25 Crossbowman
23:43 Bow Saw
25:45 Wheelbarrow
25:30 Town Watch
26:59 Ballistics
28:01 Heavy Plow
30:20 Thumb Ring
36:23 Imperial Age
37:01 Leather Archer Armor
NoStaks
7:06 Loom
9:31 Feudal Age
10:55 Horse Collar
21:59 Castle Age
21:09 Bloodlines
21:53 Wheelbarrow
23:28 Husbandry
23:46 Scale Barding Armor
23:51 Forging
24:28 Heavy Plow
25:39 Double-Bit Axe
26:32 Chain Barding Armor
28:03 Bow Saw
29:55 Hand Cart
33:09 Iron Casting
MRP9NDA
0:27 Loom
9:17 Feudal Age
10:27 Double-Bit Axe
13:04 Fletching
15:52 Horse Collar
22:29 Castle Age
20:59 Padded Archer Armor
23:05 Wheelbarrow
22:24 Gold Mining
23:10 Bodkin Arrow
22:49 Crossbowman
24:17 Bow Saw
25:07 Thumb Ring
25:43 Leather Archer Armor
26:22 Ballistics
26:25 Town Watch
29:41 Town Patrol
29:56 Hand Cart
30:18 Gold Shaft Mining
33:19 Hand Cart
39:14 Imperial Age
Atlan
7:13 Loom
9:45 Feudal Age
13:58 Castle Age
12:08 Double-Bit Axe
13:45 Horse Collar
17:29 Wheelbarrow
20:36 Bow Saw
21:45 Heavy Plow
22:04 Stone Mining
22:07 Gold Mining
22:07 Loom
23:30 Hand Cart
24:29 Stone Shaft Mining
25:12 Gold Shaft Mining
26:39 Fletching
26:54 Scale Barding Armor
29:39 Imperial Age
28:02 Tuntian
28:17 Forging
28:27 Chain Barding Armor
29:59 Ballistics
29:52 Masonry
29:41 Bodkin Arrow
30:23 Iron Casting
31:20 Conscription
31:50 Crop Rotation
32:11 Ming Guang Armor
34:27 Blast Furnace
33:32 Elite Tiger Cavalry
34:12 Town Watch
36:18 Caravan
36:50 Coinage
36:18 Bodkin Arrow
36:34 Devotion
Connection lost

Rejoining the realm…

Still unreachable

The connection could not be restored.

Session expired

The server has moved on; the page needs a fresh start.